 Dungeon Crawl Stone Soup version 0.30.1-11-g7821555f0a (webtiles) character file.

Game seed: 6105222417188011266

177 booth the Chopper (level 5, -6/41 HPs)
             Began as a Demonspawn Gladiator on Dec 25, 2023.
             Mangled by a gnoll
             ... wielding a +0 halberd
              (10 damage)
             ... on level 3 of the Dungeon.
             The game lasted 00:19:06 (2470 turns).

booth the Chopper (Demonspawn Gladiator)            Turns: 2470, Time: 00:19:07

Health: -6/41      AC:  5    Str: 16    XL:     5   Next: 31%
Magic:  5/5        EV: 12    Int: 10    God:
Gold:   156        SH:  0    Dex: 14    Spells: 4/4 levels left

rFire   . . .        a - +1 war axe
rCold   . . .        (no shield)
rNeg    . . .        b - +0 leather armour
rPois   +            c - +0 helmet
rElec   .            g - +0 cloak
rCorr   .            (no gloves)
SInv    .            (no boots)
Will    .....        (no amulet)
Stlth   +            k - ring of poison resistance
HPRegen 0.26/turn    (no ring)
MPRegen 0.09/turn

%: no passive effects
@: mighty, flying
A: powered by death 2, powered by pain 1
a: no special abilities


You were on level 3 of the Dungeon.
You visited 1 branch of the dungeon, and saw 3 of its levels.

You collected 156 gold pieces.

Inventory:

Hand Weapons
 a - a +1 war axe (weapon)
 f - a +0 mace
Missiles
 d - 3 throwing nets
 e - a poisoned dart (quivered)
Armour
 b - a +0 leather armour (worn)
 c - a +0 helmet (worn)
 g - a +0 cloak (worn)
 p - the +0 chain mail "Waross" {Str+7}
   (You found it on level 2 of the Dungeon)

   Str:       It affects your strength (+7).
Jewellery
 k - a ring of poison resistance (left hand)
 l - an amulet of magic regeneration
 q - an amulet of faith
Scrolls
 h - a scroll of fog
 i - a scroll of immolation
 j - a scroll of teleportation {unknown}


   Skills:
 + Level 3.2 Fighting
 * Level 4.2 Axes
 + Level 2.9 Throwing
 - Level 2.8 Dodging


You had 4 spell levels left.
You didn't know any spells.
Your spell library contained the following spells:

 Spells                   Type           Power      Damage    Failure   Level
 Summon Guardian Golem    Hex/Summ       0%         N/A       80%         3
 Orb of Destruction       Conj           0%         9d5       100%        7
 Spellforged Servitor     Conj/Summ      0%         N/A       100%        7


Dungeon Overview and Level Annotations

Branches:
Dungeon (3/15)

Altars:

Shops:
D:3 !

Annotations:
D:3 1 runed translucent door, rozman's ghost, amateur GnWn


Innate Abilities, Weirdness & Mutations

You regenerate health from kills.
You sometimes gain a little power by taking damage.


Message History

The gnoll hits you with a +0 halberd!
You barely miss the gnoll.
The gnoll is moderately wounded.
The gnoll hits you from afar with a +0 spear.
The gnoll barely misses you.
A gnoll comes into view. It is wielding a +0 flail.
You hit the gnoll.
The gnoll is severely wounded.
The gnoll closely misses you. The gnoll hits you with a +0 halberd.
A ball python comes into view.
The ball python hisses angrily.
You slash the gnoll!
You kill the gnoll!
The gnoll barely misses you.
A gnoll comes into view. It is wielding a +0 halberd.
The gnoll hits you but does no damage.
Throw: javelin
Press: ? - help, Q - select action, (/) - cycle Shift-Dir - straight line, f - gnoll
Aim: a gnoll, wielding a +0 flail (64% to hit)
You throw a javelin. The javelin closely misses the gnoll.
The javelin pierces through the gnoll.
The gnoll is heavily wounded.
The gnoll hits you from afar with a +0 spear.
The gnoll hits you with a +0 spear.
The gnoll hits you from afar with a +0 halberd.
* * * LOW HITPOINT WARNING * * *
You see here a +0 halberd.
You slash the gnoll!
The gnoll is almost dead.
The gnoll misses you.
The gnoll hits you from afar with a +0 halberd!
* * * LOW HITPOINT WARNING * * *
You focus on the pain.
You feel very mighty all of a sudden.
It was a potion of flight.
You feel very buoyant.
You fly up into the air.
The gnoll hits you with a +0 spear.
* * * LOW HITPOINT WARNING * * *
The gnoll hits you from afar with a +0 halberd!
You die...

## . .# ...
#######.#.....
#...@gg..[#
###.####Sg.##
#...........(..
#.#.####...##...
#.#.# ##.## ##
#.#.# .# #.#.#
.# #.#.# .#
#.#.#


You could see 3 gnolls and a ball python.

Vanquished Creatures
  An orc wizard (D:3)
  5 gnolls (D:3)
  3 adders
  A worm (D:2)
  A dart slug (D:2)
  4 orcs (D:3)
  6 endoplasms
  4 giant cockroaches
  3 goblins
  5 hobgoblins
  3 quokkas
  5 ball pythons
  5 bats
  3 frilled lizards (D:2)
  6 kobolds
  2 rats
57 creatures vanquished.

Vanquished Creatures (others)
  3 orc wizards (D:3)
3 creatures vanquished.

Grand Total: 60 creatures vanquished

Notes
Turn   | Place    | Note
-------+----------+-------------------------------------------
     0 | D:1      | booth the Demonspawn Gladiator began the quest for the Orb.
     0 | D:1      | Reached XP level 1. HP: 16/16 MP: 1/1
   311 | D:1      | Gained mutation: You regenerate a little health from kills.
                  | [demonic ancestry]
   311 | D:1      | Reached XP level 2. HP: 22/22 MP: 2/2
   417 | D:1      | Reached skill level 3 in Axes
   698 | D:1      | Found a faded altar of an unknown god.
   698 | D:1      | Noticed a cacodemon
  1030 | D:2      | Gained mutation: You sometimes gain a little power by
                  | taking damage. [demonic ancestry]
  1030 | D:2      | Reached XP level 3. HP: 28/28 MP: 3/3
  1347 | D:2      | You fall into a shaft and drop 1 floor!
  1370 | D:3      | Gained mutation: You regenerate health from kills. [demonic
                  | ancestry]
  1370 | D:3      | Reached XP level 4. HP: 32/32 MP: 4/4
  1460 | D:3      | Noticed rozman's ghost (amateur GnWn)
  1461 | D:3      | Found a runed translucent door.
  1600 | D:3      | Found Zoiliawk's Distillery.
  1945 | D:2      | Identified the +0 chain mail "Waross" {Str+7}
  2332 | D:3      | Reached skill level 4 in Axes
  2349 | D:3      | Reached XP level 5. HP: 20/41 MP: 5/5
  2470 | D:3      | Mangled by a gnoll

Illustrated notes

Levels and vault maps discovered:
D:1:      roderic_dead_forest, layout_basic,
          dreamdust_ecumenical_altar_sealed_demon, corexii_hall_statues_x,
          grunt_decor_clamped
D:2:      layout_loops_ring
D:3:      layout_loops_ring, serial_shops, nicolae_shop_pleasant_corner_grove,
          hellmonk_ghost_happy_afterlife, uniq_terence

Skill      XL: |  1  2  3  4 |
---------------+-------------+-----
Throwing       | 2 |  2.9
Axes           | 3 4 |  4.2
Fighting       | 3 |  3.2
Dodging        | |  2.8

Action                     |  1- 3 |  4- 6 || total
---------------------------+-------+-------++-------
  Melee: War axe           |   109 |    66 ||   175
  Throw: Javelin           |     1 |     3 ||     4
         Throwing net      |     1 |     2 ||     3
         Dart              |       |     5 ||     5
    Use: Scroll            |     2 |     4 ||     6
         Potion            |       |     2 ||     2
   Stab: Sleeping          |     2 |       ||     2
 Armour: Leather armour    |    33 |    15 ||    48
  Dodge: Dodged            |    78 |    40 ||   118
